 Dungeon Crawl Stone Soup version 0.19.0-19-g8c6edcc (webtiles) character file.

65037 Charly the Severer (level 14, -1/133 HPs)
             Began as a Deep Dwarf Gladiator on Nov 14, 2016.
             Was the Champion of Makhleb.
             Killed from afar by a shock serpent (10 damage)
             ... with a bolt of electricity
             ... while paralysed
             ... on level 4 of the Snake Pit.
             The game lasted 01:37:15 (7062 turns).

Charly the Severer (Deep Dwarf Gladiator)           Turns: 7062, Time: 01:37:15

Health: -1/133     AC: 29    Str: 21    XL:     14   Next: 74%
Magic:  2/2        EV:  2    Int:  9    God:    Makhleb [******]
Gold:   265        SH:  0    Dex: 16    Spells: 0 memorised, 13 levels left

rFire  . . .     SeeInvis .     a - +8 Wrath of Trog {antimagic, *Rage}
rCold  . . .     Gourm    .     E - +8 plate armour of a sewer {+Fly}
rNeg   + + .     Faith    .     (shield currently unavailable)
rPois  +         Spirit   .     c - +0 helmet
rElec  .         Reflect  .     H - +1 cloak
rCorr  .         Harm     .     (no gloves)
MR     ++...     Rnd*Rage +     (no boots)
Stlth  ..........               u - amulet of rage
                                n - ring of positive energy
                                I - +2 ring of protection

@: paralysed, lethally poisoned (-1 -> -1), exhausted, about to teleport,
non-regenerating, slowed
A: damage resistance, recharge devices, negative energy resistance 1, sense
surroundings 2, poison resistance, slow regeneration 3
a: Device Recharging, Minor Destruction, Lesser Servant of Makhleb, Major
Destruction, Greater Servant of Makhleb, Renounce Religion, Evoke Berserk Rage,
Evoke Flight


You were on level 4 of the Snake Pit.
You worshipped Makhleb.
Makhleb was exalted by your worship.
You were not hungry.

You visited 4 branches of the dungeon, and saw 27 of its levels.
You also visited: Sewer and Ossuary.

You collected 1515 gold pieces.
You spent 1250 gold pieces at shops.

Inventory:

Hand Weapons
 a - the +8 Wrath of Trog (weapon) {antimagic, *Rage}
   (You bought it in a shop on level 10 of the Dungeon)

   It reduces the magical energy of the wielder, and disrupts the spells and
   magical abilities of those hit.
   Natural abilities and divine invocations are not affected.
   It may make you go berserk in combat.
 y - a +2 trident of piercing
 D - a +2 battleaxe of venom
Armour
 c - a +0 helmet (worn)
 E - the +8 plate armour of a sewer (worn) {+Fly}
   (You found it on level 11 of the Dungeon)

   It lets you fly.
 H - a +1 cloak (worn)
Magical Staves
 C - an uncursed staff of air
Jewellery
 n - a ring of positive energy (right hand)
 u - an amulet of rage (around neck)
 w - an uncursed ring of wizardry
 I - a +2 ring of protection (left hand)
Wands
 b - a wand of teleportation (3/9)
 e - a wand of heal wounds (2/9)
 g - a wand of hasting (1/9)
 z - a wand of confusion (33/48)
 G - a wand of iceblast (4/15)
 J - a wand of iceblast (9/15)
Scrolls
 h - 2 scrolls of fear
 m - a scroll of fog
 r - a scroll of teleportation
 s - 7 scrolls of remove curse
 F - 2 scrolls of enchant weapon
Potions
 k - 5 potions of brilliance
 o - a potion of agility
 p - 6 potions of curing
 q - a potion of might
 v - a potion of magic
 A - 2 potions of cure mutation
 B - a potion of cancellation
Books
 d - a book of Air

   Spells                             Type                      Level
   a - Shock                          Conjuration/Air              1
   b - Swiftness                      Charms/Air                   2
   c - Repel Missiles                 Charms/Air                   2
   d - Static Discharge               Conjuration/Air              3
   e - Lightning Bolt                 Conjuration/Air              5
 t - a book of Geomancy

   Spells                             Type                      Level
   a - Sandblast                      Earth                        1
   b - Passwall                       Transmutation/Earth          2
   c - Stone Arrow                    Conjuration/Earth            3
   d - Petrify                        Transmutation/Earth          4
   e - Lee's Rapid Deconstruction     Earth                        5
Comestibles
 f - 5 bread rations
 i - 5 meat rations


   Skills:
 + Level 10.8 Fighting
 * Level 19.5 Axes
 - Level 1.7 Throwing
 + Level 12.5 Armour
 + Level 8.3 Dodging
 - Level 5.0 Evocations


You had 13 spell levels left.
You didn't know any spells.

Dungeon Overview and Level Annotations

Branches:
Dungeon (15/15)              Lair (6/6) D:10          Swamp (0/4) Lair:3
  Snake (4/4) Lair:3        Slime (0/5) Lair:5          Orc (2/2) D:9
    Elf (0/3) Orc:2
 Temple: D:4-7       Vaults: D:13-14     Depths: D:15

Altars:
Makhleb
Qazlal
Vehumet
Zin
Jiyva

Shops:
D:5 *   D:6 =   D:10 (   D:14 *   Orc:2 *   Snake:1 %

Annotations:
D:10 Psyche
D:11 Snorg
D:14 exclusion: downstairs, Azrael
Lair:2 exclusion: 2 oklob plants
Lair:4 exclusion: 2 oklob plants


Innate Abilities, Weirdness & Mutations

You are resistant to damage.
You can recharge devices by infusing magical energy.
You resist negative energy. (rN+)
You passively map the area around you.
You do not regenerate.
Your system is resistant to poisons. (rPois)


Message History

The naga mage gestures at you while chanting.
You feel strangely unstable.
The shock serpent shoots out a bolt of lightning at you!
The bolt of electricity hits you!
* * * LOW HITPOINT WARNING * * *
The nagaraja mumbles some strange words.
The naga mage gestures wildly while chanting.
The naga mage hits you but does no damage.
The salamander mystic casts a spell at the naga ritualist.
The naga ritualist seems to speed up.
The naga mage gestures at you while chanting.
The bolt of poison hits the naga mage.
The naga mage is poisoned.
The bolt of poison hits you!
You are more poisoned.
You resist.
* * * LOW HITPOINT WARNING * * *
The naga mage casts a spell.
The shock serpent shoots out a bolt of lightning at you!
The bolt of electricity hits you!
You die...

, , , , , #....### , , ,
...NN , * #..#.##. ** ,
,.NNNN,,,* #.....#.
*#NN.############....... *,,
##.NNN.................. ,
#..NN...N.#.............
,**,,....NNN$N.........###...
,, ,....NNS#).......### #...
,* *,, *, ###@)#.#......#
#.## ., ###..().........#
#.##
....#.....###.......###).. **
,.........## #...#...).....
..######.########.##...... *
. ####*#.......##.##...... ,
...#...##.#...#.##.###.....
)......#................... *
, *
#...........##.....#......


You could see a naga warrior, 3 nagarajas, 2 naga sharpshooters, a salamander
mystic, a naga ritualist, a shock serpent, 9 naga magi and 3 nagas.

Vanquished Creatures
  Kirke (Lair:4)
  5 nagarajas
  An orc warlord (Orc:1)
  5 hydras
  6 naga warriors
  A death knight (D:13)
  The ghost of Charly the Cleaver, a novice DDMo of Makhleb (Orc:1)
  A centaur warrior (D:13)
  3 death yaks (Lair:3)
  3 naga sharpshooters
  A shock serpent (shapeshifter) (D:13)
  2 shock serpents (Snake:4)
  A skeletal warrior (D:13)
  An unseen horror (D:13)
  A naga ritualist (Snake:2)
  3 hill giants
  2 orc sorcerers
  3 mana vipers
  A cyclops (D:11)
  A manticore (D:13)
  7 ugly things
  A salamander (Snake:2)
  6 elephants (Lair:2)
  8 naga magi
  16 black mambas
  A gargoyle (D:13)
  3 guardian serpents
  4 spiny frogs
  4 molten gargoyles (D:12)
  A rime drake (Lair:2)
  4 komodo dragons
  A tengu conjurer (D:13)
  3 trolls
  5 hippogriffs
  6 slime creatures
  5 blink frogs (Lair:4)
  3 shadows
  5 yaks (D:14)
  A vampire (D:12)
  2 wraiths
  3 hogs (Lair:4)
  A hungry ghost (D:12)
  A fire elemental (D:13)
  A vampire mosquito (D:13)
  11 nagas
  The ghost of jazmu the Skirmisher, an amateur GrGl (Sewer)
  2 wargs (Orc:1)
  2 soldier ants
  A hell hound (D:13)
  A porcupine (Lair:2)
  18 water moccasins
  17 orc warriors
  2 sky beasts
  An ice beast (D:10)
  9 centaurs
  6 ogres
  4 wolves (Lair:1)
  8 crocodiles
  5 big kobolds (Sewer)
  6 bullfrogs
  9 killer bees
  A wight (D:13)
  2 electric eels (Lair:5)
  2 centaur zombies
  5 crimson imps
  A quasit (D:9)
  A bullfrog zombie (D:6)
  2 hounds
  7 jellies
  2 human zombies (Ossuary)
  A centaur skeleton (D:11)
  21 orc priests
  14 orc wizards
  An iguana (D:6)
  6 worker ants
  A mummy (Ossuary)
  A worker ant zombie (D:5)
  13 adders
  2 river rats
  3 shadow imps
  2 adder zombies
  2 oozes (Sewer)
  2 adder skeletons
  3 worms (Sewer)
  3 leopard geckos (D:6)
  45 orcs
  A ball python (D:1)
  6 giant cockroaches
  3 goblins
  3 hobgoblins
  12 jackals
  4 quokkas
  3 bats
  A frilled lizard (D:2)
  A jackal zombie (D:5)
  8 kobolds
  2 leopard gecko skeletons
  14 rats
  3 fungi
442 creatures vanquished.

Vanquished Creatures (others)
  An anaconda (Snake:1)
  A plant (Lair:5)
2 creatures vanquished.

Grand Total: 444 creatures vanquished

Notes
Turn   | Place    | Note
-------+----------+-------------------------------------------
     0 | D:1      | Charly the Deep Dwarf Gladiator began the quest for the Orb.
     0 | D:1      | Reached XP level 1. HP: 19/19 MP: 1/1
    89 | D:1      | Reached skill level 4 in Axes
    89 | D:1      | Reached XP level 2. HP: 19/26 MP: 2/2
   168 | D:2      | Reached XP level 3. HP: 19/32 MP: 3/3
   220 | D:2      | Reached skill level 5 in Axes
   336 | D:4      | Reached XP level 4. HP: 10/39 MP: 4/4
   374 | D:5      | Entered Level 5 of the Dungeon
   394 | D:5      | Found a sand-covered staircase.
   403 | Ossuary  | Entered an ossuary
   443 | Ossuary  | Reached skill level 6 in Axes
   447 | Ossuary  | Reached XP level 5. HP: 28/45 MP: 5/5
   532 | D:6      | Found a glowing drain.
   548 | Sewer    | Entered a sewer
   636 | Sewer    | Noticed jazmu's ghost (amateur GrGl)
   667 | Sewer    | Killed jazmu's ghost
   667 | Sewer    | Reached skill level 7 in Axes
   667 | Sewer    | Reached XP level 6. HP: 23/52 MP: 6/6
   726 | Sewer    | Reached skill level 8 in Axes
   843 | Sewer    | Reached XP level 7. HP: 26/60 MP: 6/6
   847 | Sewer    | Reached skill level 9 in Axes
  1122 | D:6      | Reached skill level 10 in Axes
  1247 | D:7      | Reached XP level 8. HP: 40/69 MP: 6/6
  1379 | D:6      | Found a stormy altar of Qazlal.
  1441 | D:6      | Reached skill level 1 in Armour
  1542 | D:6      | Found Hotirhov's Jewellery Emporium.
  1577 | D:6      | Gained mutation: Your system is resistant to poisons. (rPois) [mutagenic meat]
  1604 | D:5      | Found Amoodol's Assorted Antiques.
  1656 | D:5      | Bought a glowing silver wand for 100 gold pieces
  1656 | D:5      | Bought a scroll labeled QUUREY OTIA for 25 gold pieces
  1656 | D:5      | Bought a scroll labeled QAEFFA ORYXUG for 25 gold pieces
  1831 | D:4      | Found a radiant altar of Vehumet.
  1832 | D:4      | Found a burning altar of Makhleb.
  1844 | D:4      | Became a worshipper of Makhleb the Destroyer
  2012 | D:9      | Reached skill level 11 in Axes
  2088 | D:10     | Entered Level 10 of the Dungeon
  2116 | D:10     | Found a staircase to the Lair.
  2133 | Lair:1   | Entered Level 1 of the Lair of Beasts
  2167 | D:9      | Reached * piety under Makhleb
  2170 | D:9      | Gained mutation: You passively map the area around you. [Deep Dwarf growth]
  2170 | D:9      | Reached XP level 9. HP: 79/79 MP: 7/7
  2282 | D:11     | Noticed a hill giant
  2284 | D:11     | Noticed a white ugly thing
  2332 | D:10     | Found a viscous altar of Jiyva.
  2342 | D:10     | Reached skill level 1 in Evocations
  2343 | D:10     | Reached skill level 12 in Axes
  2401 | D:10     | Found Vulle Jomn's Weapon Emporium.
  2410 | D:10     | Noticed Psyche
  2550 | D:11     | Noticed a troll
  2552 | D:11     | Noticed a skeletal warrior
  2648 | D:10     | Noticed a hill giant
  2655 | D:10     | Killed a hill giant
  2655 | D:10     | Reached skill level 13 in Axes
  2714 | D:11     | Noticed Snorg
  2736 | D:12     | Reached ** piety under Makhleb
  2774 | D:12     | Reached XP level 10. HP: 37/87 MP: 9/9
  2797 | D:14     | Noticed a purple ugly thing
  2797 | D:14     | Noticed a purple ugly thing
  2798 | D:14     | Noticed a purple ugly thing
  2887 | D:12     | Noticed an eight-headed hydra
  2921 | D:12     | Reached skill level 5 in Evocations
  2958 | D:12     | Reached skill level 14 in Axes
  3108 | D:11     | Noticed a cyclops
  3124 | D:11     | Killed a cyclops
  3124 | D:11     | Reached skill level 5 in Fighting
  3174 | D:11     | Got a bloodstained plate armour
  3185 | D:11     | Identified the +8 plate armour of a sewer {+Fly} (You found it on level 11 of the Dungeon)
  3279 | D:12     | Noticed a four-headed hydra
  3280 | D:12     | Noticed a molten gargoyle
  3294 | D:12     | Killed a four-headed hydra
  3294 | D:12     | Reached skill level 5 in Armour
  3306 | D:12     | Killed a molten gargoyle
  3319 | D:12     | Noticed a molten gargoyle
  3330 | D:12     | Killed a molten gargoyle
  3334 | D:12     | Noticed a molten gargoyle
  3341 | D:12     | Killed a molten gargoyle
  3345 | D:12     | Noticed a molten gargoyle
  3353 | D:12     | Killed a molten gargoyle
  3353 | D:12     | Reached XP level 11. HP: 80/97 MP: 9/9
  3521 | D:12     | Killed an eight-headed hydra
  3664 | D:9      | Found a staircase to the Orcish Mines.
  3673 | Orc:1    | Entered Level 1 of the Orcish Mines
  3673 | Orc:1    | Noticed an orc sorcerer
  3677 | Orc:1    | Killed an orc sorcerer
  3677 | Orc:1    | Reached skill level 15 in Axes
  3694 | Orc:1    | Reached *** piety under Makhleb
  3724 | Orc:1    | Found a burning altar of Makhleb.
  3749 | Orc:1    | Noticed Charly's ghost (novice DDMo)
  3794 | Orc:1    | Killed Charly's ghost
  3861 | Orc:2    | Entered Level 2 of the Orcish Mines
  3929 | Orc:2    | Found Woocouq's General Store.
  4023 | Orc:2    | Reached **** piety under Makhleb
  4072 | Orc:2    | Noticed an orc warlord
  4075 | Orc:2    | Noticed an orc sorcerer
  4099 | Orc:1    | Killed an orc warlord
  4135 | Orc:2    | Noticed a sun demon
  4187 | Orc:2    | Killed an orc sorcerer
  4543 | D:14     | Killed a white ugly thing
  4543 | D:14     | Killed a white ugly thing
  4543 | D:14     | Reached skill level 16 in Axes
  4633 | D:13     | Noticed an eight-headed hydra
  4640 | D:13     | Killed an eight-headed hydra
  4640 | D:13     | Reached XP level 12. HP: 109/109 MP: 8/8
  4697 | D:14     | Noticed Azrael
  4765 | D:14     | Found Zeibeitt's Assorted Antiques.
  4784 | D:15     | Entered Level 15 of the Dungeon
  4835 | D:15     | Noticed an ettin
  4838 | D:15     | Noticed an ogre mage
  4955 | D:13     | Noticed a centaur warrior
  4970 | D:13     | Killed a centaur warrior
  5019 | D:13     | Reached ***** piety under Makhleb
  5086 | D:13     | Reached skill level 10 in Armour
  5122 | D:13     | Reached skill level 17 in Axes
  5126 | D:13     | Noticed a death knight
  5177 | D:13     | Killed a death knight
  5485 | D:10     | Bought the +8 Wrath of Trog {antimagic, *Rage} for 1100 gold pieces
  5551 | Lair:1   | Reached XP level 13. HP: 95/121 MP: 2/8
  6128 | Lair:6   | Entered Level 6 of the Lair of Beasts
  6140 | Lair:6   | Reached skill level 5 in Dodging
  6196 | Lair:4   | Noticed Kirke
  6207 | Lair:4   | Reached skill level 18 in Axes
  6209 | Lair:4   | Killed Kirke
  6261 | Lair:3   | Found a staircase to the Swamp.
  6287 | Lair:3   | Found a glowing silver altar of Zin.
  6311 | Lair:3   | Found a staircase to the Snake Pit.
  6325 | Snake:1  | Entered Level 1 of the Snake Pit
  6329 | Snake:1  | Found Runtoche's Food Shoppe.
  6435 | Snake:1  | Reached ****** piety under Makhleb
  6442 | Snake:1  | Reached skill level 10 in Fighting
  6550 | Snake:2  | Gained mutation: You resist negative energy. (rN+) [Deep Dwarf growth]
  6550 | Snake:2  | Reached XP level 14. HP: 87/132 MP: 3/9
  6657 | Snake:3  | Noticed a nagaraja
  6675 | Snake:3  | Killed a nagaraja
  6675 | Snake:3  | Reached skill level 19 in Axes
  6706 | Snake:4  | Entered Level 4 of the Snake Pit
  6706 | Snake:4  | Noticed a nagaraja
  6720 | Snake:4  | Killed a nagaraja
  6760 | Snake:4  | Noticed a nagaraja
  6763 | Snake:4  | Noticed a nagaraja
  6780 | Snake:4  | Killed a nagaraja
  6783 | Snake:4  | Killed a nagaraja
  6926 | Snake:4  | Noticed a nagaraja
  6950 | Snake:4  | Killed a nagaraja
  6950 | Snake:4  | Noticed a nagaraja
  6950 | Snake:4  | Noticed a nagaraja
  6951 | Snake:4  | Noticed a nagaraja
  7044 | Snake:4  | Noticed a nagaraja
  7058 | Snake:4  | Noticed a nagaraja
  7062 | Snake:4  | Killed from afar by a shock serpent

Skill      XL: |  1  2  3  4  5  6  7  8  9 10 11 12 13 14 |
---------------+-------------------------------------------+-----
Axes           | 4 5 6 7 8 10 11 13 14 16 17 18 19 | 19.5
Fighting       | 2 3 4 5 7 9 10 | 10.8
Armour         | 3 6 9 10 11 12 | 12.5
Evocations     | 4 5 |  5.0
Dodging        | 6 8 |  8.3
Throwing       | |  1.7

Action                   |  1- 3 |  4- 6 |  7- 9 | 10-12 | 13-15 || total
-------------------------+-------+-------+-------+-------+-------++-------
Melee: War axe           |    93 |   129 |   366 |   217 |       ||   805
       Trident           |       |       |       |    41 |    22 ||    63
       Battleaxe         |       |       |       |   121 |   386 ||   507
       Broad axe         |       |       |       |   263 |       ||   263
Throw: Throwing net      |       |       |     4 |       |       ||     4
 Abil: Device Recharging |       |     1 |     3 |     4 |     2 ||    10
       Evoke Berserk Rag |       |       |     6 |    14 |       ||    20
Evoke: Wand              |       |     6 |    15 |    27 |     9 ||    57
  Use: Scroll            |       |       |    18 |    11 |     5 ||    34
       Potion            |       |       |       |     3 |     1 ||     4
 Stab: Sleeping          |       |     1 |     1 |       |       ||     2
       Held in net/web   |       |       |     2 |       |       ||     2
  Eat: Chunk             |       |       |     9 |    25 |     5 ||    39
       Meat ration       |       |       |     1 |       |       ||     1
       Fruit             |       |       |       |       |     1 ||     1
       Pizza             |       |       |       |       |     1 ||     1
Armor: Leather armour    |    46 |    19 |    11 |       |       ||    76
       Plate armour      |       |       |   267 |   504 |   309 ||  1080
Dodge: Dodged            |    94 |    68 |   186 |   267 |   212 ||   827
